 Dungeon Crawl Stone Soup version 0.22-a0-603-gfc1114d (webtiles) character file.

12586 Hebeh the Basher (level 11, 0/145 HPs)
             Began as a Minotaur Fighter on July 7, 2018.
             Was an Elder of Trog.
             Slain by an eight-headed hydra (6 damage)
             ... on level 1 of the Lair of Beasts.
             The game lasted 00:44:46 (13295 turns).

Hebeh the Basher (Minotaur Fighter)                Turns: 13295, Time: 00:44:47

Health: 0/145      AC: 17    Str: 30    XL:     11   Next: 64%
Magic:  4/4        EV:  9    Int:  5    God:    Trog [****..]
Gold:   179        SH: 12    Dex: 11    Spells: 10/10 levels left

rFire    . . .     SeeInvis .   a - +2 flail (antimagic)
rCold    . . .     Gourm    .   c - +0 shield
rNeg     + . .     Faith    .   W - +3 swamp dragon scales
rPois    +         Spirit   .   L - +2 hat
rElec    .         Reflect  .   (no cloak)
rCorr    .         Harm     .   (no gloves)
MR       +++..                  S - +1 pair of boots
Stlth    ..........             (no amulet)
HPRegen  1.34/turn              N - +4 ring of slaying
MPRegen  0.09/turn              Q - ring "Laelabei" {rN+ MR+ Dex+2 Stlth-}

@: berserking, regenerating, very quick
A: retaliatory headbutt, horns 2
a: Berserk, Trog's Hand, Brothers in Arms, Renounce Religion


You were on level 1 of the Lair of Beasts.
You worshipped Trog.
Trog was greatly pleased with you.
You were not hungry.

You visited 2 branches of the dungeon, and saw 12 of its levels.

You collected 632 gold pieces.
You spent 453 gold pieces at shops.

Inventory:

Hand Weapons
 a - a +2 antimagic flail (weapon)
 b - a +0 blowgun
 q - a +4 hand axe
 E - a +1 whip of flaming
Missiles
 i - 287 stones
 n - 124 sling bullets
 J - 12 javelins of penetration (quivered)
 R - 3 needles of frenzy
 U - 2 needles of confusion
 V - 28 poisoned needles
Armour
 c - a +0 shield (worn)
 p - a +0 ring mail of cold resistance
 v - a +0 plate armour
 z - a +0 pair of boots
 L - a +2 hat (worn)
 S - a +1 pair of boots (worn)
 W - +3 swamp dragon scales (worn)
Jewellery
 y - a +3 ring of strength
 I - an uncursed ring of positive energy
 N - a +4 ring of slaying (left hand)
 Q - the ring "Laelabei" (right hand) {rN+ MR+ Dex+2 Stlth-}
   (You found it on level 8 of the Dungeon)

   [ring of loudness]

   It affects your dexterity (+2).
   It protects you from negative energy.
   It affects your resistance to hostile enchantments.
   It makes you less stealthy.
Wands
 g - a wand of polymorph (13)
 A - a wand of paralysis (12)
 B - a wand of flame (1)
 K - a wand of disintegration (17)
 M - a wand of random effects (66)
 O - a wand of scattershot (6)
Scrolls
 e - 9 scrolls of remove curse
 j - 3 scrolls of magic mapping
 l - 8 scrolls of identify
 s - 3 scrolls of blinking
 t - 2 scrolls of fog
 w - 3 scrolls of enchant weapon
 D - 2 scrolls of teleportation
 G - 2 scrolls of immolation
 T - a scroll of fear
Potions
 d - 2 potions of might
 h - 3 potions of heal wounds
 k - a potion of agility
 m - 4 potions of haste
 o - 2 potions of degeneration {unknown}
 r - 2 potions of ambrosia
 x - 12 potions of curing
 C - 2 potions of flight {unknown}
 F - 2 potions of berserk rage {unknown}
 H - a potion of cancellation {unknown}
 P - 3 potions of brilliance
Comestibles
 f - 9 rations


   Skills:
 + Level 9.6 Fighting
 - Level 7.0(9.6) Axes
 * Level 10.4(11.2) Maces & Flails
 + Level 6.3 Throwing
 + Level 9.5 Armour
 + Level 9.6 Shields
 + Level 5.9 Evocations


You had 10 spell levels left.
You didn't know any spells.
Your spell library was empty.

Dungeon Overview and Level Annotations

Branches:
Dungeon (11/15)            Temple (0/1) D:7            Lair (1/6) D:8
    Orc (0/2) D:11

Altars:
Cheibriados
Elyvilon
Hepliaklqana
Makhleb
Ru
Sif Muna
Trog
Vehumet
Xom
Yredelemnul
Zin
The Shining One
Beogh

Shops:
D:6 ?   D:9 !

Annotations:
D:5 Blork the orc
D:6 2 runed doors, HydraWiggins's ghost, novice GnVM


Innate Abilities, Weirdness & Mutations

You reflexively headbutt those who attack you in melee.
You have a pair of horns on your head.


Message History

The eight-headed hydra bites you but does no damage.
The eight-headed hydra bites you.
* * * LOW HITPOINT WARNING * * *
The eight-headed hydra bites you but does no damage.
The eight-headed hydra bites you!
* * * LOW HITPOINT WARNING * * *
The eight-headed hydra bites you but does no damage.
The eight-headed hydra closely misses you. x2
The wolf bites you but does no damage.
Unknown command.
A red film seems to cover your vision as you go berserk!
You feel yourself moving faster!
You feel mighty!
You feel a lot more hungry. The wolf closely misses you.
You block the wolf's attack.
The eight-headed hydra bites you but does no damage.
The eight-headed hydra bites you!
* * * LOW HITPOINT WARNING * * *
The eight-headed hydra bites you.
* * * LOW HITPOINT WARNING * * *
The eight-headed hydra bites you.
You die...

.. ......
#.# .....#
#.# .....+
##.# .....#
P.# .....
#.# ...
##.##.#####.
#..@D.......
##.hh.......
#..........
##..........
#...........
##..##.##.#.
##..........
#P..#.......
#...#......


You could see an eight-headed hydra and 2 wolves.

Vanquished Creatures
  A hydra (D:11)
  3 two-headed ogres
  Pikel (D:6)
  An oklob plant (Lair:1)
  Psyche (D:8)
  An efreet (D:11)
  3 trolls
  4 hippogriffs
  A spriggan (D:9)
  A wyvern (D:8)
  An acid dragon (D:11)
  3 water moccasins
  3 orc warriors
  A swamp drake (D:8)
  3 slaves
  2 black bears (D:9)
  2 ice beasts (D:7)
  5 sky beasts
  3 phantoms
  A necrophage (D:9)
  8 ogres
  2 wolves (Lair:1)
  3 crocodiles (D:8)
  2 big kobolds
  2 centaurs
  8 bullfrogs
  5 scorpions
  3 killer bees (D:10)
  9 howler monkeys
  7 crimson imps
  2 centaur zombies (D:11)
  A bullfrog skeleton (D:8)
  A bullfrog zombie (D:5)
  8 orc priests
  5 hounds
  2 jellies
  3 centaur skeletons
  3 iguanas
  17 orc wizards
  8 worker ants
  A hound zombie (D:7)
  2 hound skeletons
  A worker ant zombie (D:8)
  8 gnolls
  9 adders
  5 shadow imps
  An ooze (D:3)
  A worm (D:2)
  3 dart slugs
  6 leopard geckos
  42 orcs
  A ball python (D:1)
  10 giant cockroaches
  12 hobgoblins
  11 jackals
  3 quokkas
  8 bats
  A frilled lizard (D:1)
  12 goblins
  A jackal skeleton (D:4)
  18 kobolds
  7 rats
  A plant (Lair:1)
304 creatures vanquished.

Vanquished Creatures (others)
  An ogre (D:9)
1 creature vanquished.

Grand Total: 305 creatures vanquished

Notes
Turn   | Place    | Note
-------+----------+-------------------------------------------
     0 | D:1      | Hebeh the Minotaur Fighter began the quest for the Orb.
     0 | D:1      | Reached XP level 1. HP: 19/19 MP: 0/0
   141 | D:1      | Reached XP level 2. HP: 26/27 MP: 1/1
   396 | D:1      | Reached XP level 3. HP: 32/33 MP: 2/2
  1069 | D:2      | Reached XP level 4. HP: 37/40 MP: 3/3
  1264 | D:2      | Found a hazy altar of Hepliaklqana.
  2005 | D:3      | Reached XP level 5. HP: 24/47 MP: 4/4
  2315 | D:3      | Found a bloodstained altar of Trog.
  2340 | D:3      | Became a worshipper of Trog the Wrathful
  2362 | D:3      | Found a sacrificial altar of Ru.
  3105 | D:4      | Reached skill level 5 in Axes
  3108 | D:4      | Reached XP level 6. HP: 32/55 MP: 5/5
  3260 | D:4      | Reached skill level 5 in Fighting
  3260 | D:4      | Reached skill level 5 in Armour
  3260 | D:4      | Reached skill level 5 in Shields
  3377 | D:4      | Found a shimmering altar of Xom.
  3531 | D:4      | Found a radiant altar of Vehumet.
  3532 | D:4      | Found a burning altar of Makhleb.
  3535 | D:4      | Reached XP level 7. HP: 61/61 MP: 6/6
  3684 | D:5      | Entered Level 5 of the Dungeon
  3698 | D:5      | Reached * piety under Trog
  4130 | D:5      | Reached skill level 1 in Throwing
  4130 | D:5      | Reached skill level 1 in Evocations
  4565 | D:5      | Noticed Blork the orc
  4614 | D:5      | Found a deep blue altar of Sif Muna.
  4747 | D:5      | Found a basalt altar of Yredelemnul.
  4858 | D:6      | Reached skill level 1 in Maces & Flails
  4858 | D:6      | Reached XP level 8. HP: 48/70 MP: 2/8
  4991 | D:6      | Reached skill level 2 in Maces & Flails
  5075 | D:6      | Found a runed door.
  5078 | D:6      | Noticed HydraWiggins's ghost (novice GnVM)
  5236 | D:6      | Found Faongim's Magic Scroll Shop.
  5244 | D:6      | Bought a scroll of identify for 24 gold pieces
  5244 | D:6      | Bought a scroll of enchant armour for 90 gold pieces
  5244 | D:6      | Bought a scroll of remove curse for 36 gold pieces
  5244 | D:6      | Bought a scroll of identify for 24 gold pieces
  5244 | D:6      | Bought a scroll of identify for 24 gold pieces
  5350 | D:6      | Reached skill level 3 in Maces & Flails
  5369 | D:6      | Found a snail-covered altar of Cheibriados.
  5576 | D:7      | Noticed Pikel
  5915 | D:6      | Killed Pikel
  5915 | D:6      | Reached skill level 4 in Maces & Flails
  5915 | D:6      | Reached XP level 9. HP: 46/78 MP: 2/10
  6073 | D:7      | Reached ** piety under Trog
  6133 | D:7      | Reached skill level 5 in Maces & Flails
  6448 | D:7      | Found a staircase to the Ecumenical Temple.
  6776 | D:8      | Noticed Psyche
  6784 | D:8      | Killed Psyche
  6784 | D:8      | Reached skill level 6 in Maces & Flails
  6814 | D:8      | Noticed a two-headed ogre
  6882 | D:7      | HP: 4/118 [two-headed ogre/giant club (4)]
  6883 | D:7      | Killed a two-headed ogre
  6883 | D:7      | Reached skill level 7 in Maces & Flails
  6883 | D:7      | Reached XP level 10. HP: 5/88 MP: 4/12
  7293 | D:8      | Reached *** piety under Trog
  7886 | D:8      | Found a staircase to the Lair.
  8137 | D:8      | Got a scintillating glass ring
  8191 | D:8      | Identified the ring "Laelabei" {rN+ MR+ Dex+2 Stlth-} (You found it on level 8 of the Dungeon)
  8315 | D:9      | Found Sysmaclu's Distillery.
  8324 | D:9      | Reached skill level 8 in Maces & Flails
  8460 | D:9      | Reached skill level 5 in Throwing
  8557 | D:9      | Bought a potion of curing for 45 gold pieces
  8557 | D:9      | Bought a potion of heal wounds for 75 gold pieces
  8557 | D:9      | Bought a potion of curing for 45 gold pieces
  8557 | D:9      | Bought a potion of curing for 45 gold pieces
  8557 | D:9      | Bought a potion of curing for 45 gold pieces
  9070 | D:9      | Reached **** piety under Trog
  9080 | D:9      | Reached skill level 5 in Evocations
  9532 | D:9      | Found a glowing golden altar of the Shining One.
  9532 | D:9      | Found a white marble altar of Elyvilon.
  9532 | D:9      | Found a glowing silver altar of Zin.
  9637 | D:8      | Noticed a two-headed ogre
  9642 | D:8      | Noticed a two-headed ogre
  9643 | D:8      | Killed a two-headed ogre
  9643 | D:8      | Received a gift from Trog
  9643 | D:8      | Reached skill level 9 in Maces & Flails
  9643 | D:8      | Reached XP level 11. HP: 81/95 MP: 4/13
  9647 | D:8      | Killed a two-headed ogre
  9919 | D:10     | Entered Level 10 of the Dungeon
 10532 | D:10     | Found a flagged portal.
 11254 | D:11     | Received a gift from Trog
 11611 | D:11     | Reached skill level 10 in Maces & Flails
 11644 | D:11     | Noticed a four-headed hydra
 11653 | D:11     | Killed a four-headed hydra
 11999 | D:11     | Found a staircase to the Orcish Mines.
 12044 | D:11     | Found a roughly hewn altar of Beogh.
 12549 | D:6      | Found a runed door.
 12728 | D:6      | Found Faongim's Magic Scroll Shop.
 12919 | D:6      | Found a snail-covered altar of Cheibriados.
 13154 | Lair:1   | Entered Level 1 of the Lair of Beasts
 13155 | Lair:1   | Noticed an oklob plant
 13173 | Lair:1   | Killed an oklob plant
 13275 | Lair:1   | Noticed an eight-headed hydra
 13289 | Lair:1   | HP: 2/97 [eight-headed hydra (8)]
 13295 | Lair:1   | HP: 7/145 [eight-headed hydra (10)]
 13295 | Lair:1   | Slain by an eight-headed hydra

Vault maps used:
D:1:      nzn_arrival_settlement, minmay_box_of_dots
D:2:      lemuel_doored_altar, first_ration
D:3:      nicolae_overflow_crystal_walls, nicolae_ru_great_annihilating_truth
D:4:      grunt_temple_overflow_lords_of_destruction, kennysheep_mini
D:5:      tgw_sif, basic_altar
D:6:      lemuel_round_altar, gammafunk_ghost_grave, serial_shops,
          nicolae_shop_trees
D:7:      minmay_temple_entry_enclosed_plants, minmay_misc_feat_cross,
          uniq_pikel
D:8:      erik_lair_dragon, uniq_psyche
D:9:      good_gods_mini_temple, serial_shops, nicolae_shop_waterfront,
          the_bakery
D:10:     enter_bailey_2
D:11:     minmay_orc_entry_temple_small
Lair:1:   dragon1_lemuel, minmay_lair_oklob_chamber

Skill      XL: |  1  2  3  4  5  6  7  8  9 10 11 |
---------------+----------------------------------+-----
Axes           | 3 4 5 6 7 |  7.0
Armour         | 4 5 6 7 8 9 |  9.5
Fighting       | 4 5 6 7 8 9 |  9.6
Shields        | 4 5 6 7 8 9 |  9.6
Throwing       | 1 3 4 5 6 |  6.3
Evocations     | 1 3 4 5 |  5.9
Maces & Flails | 1 4 7 9 10 | 10.4

Action                   |  1- 3 |  4- 6 |  7- 9 | 10-12 || total
-------------------------+-------+-------+-------+-------++-------
Melee: War axe           |    77 |   178 |    47 |       ||   302
       Headbutt          |     7 |    21 |    71 |   109 ||   208
       Flail             |       |       |   282 |   400 ||   682
Throw: Stone             |       |       |       |     3 ||     3
Invok: Trog's Hand       |       |       |     1 |     3 ||     4
       Berserk           |       |       |     1 |     1 ||     2
  Use: Scroll            |       |       |     5 |    11 ||    16
       Potion            |       |       |       |     2 ||     2
 Stab: Paralysed         |       |     1 |       |       ||     1
  Eat: Chunk             |     1 |     8 |     7 |    16 ||    32
       Ration            |       |       |     1 |     3 ||     4
Armor: Scale mail        |    30 |       |       |       ||    30
       Ring mail         |    20 |    10 |       |       ||    30
       Plate armour      |       |    86 |   262 |   192 ||   540
       Skin              |       |       |    20 |       ||    20
       Swamp dragon scal |       |       |       |    29 ||    29
Dodge: Dodged            |    27 |    34 |    90 |    98 ||   249
Block: Shield            |    40 |   108 |   252 |   266 ||   666

Table legend:
 A = Spawn XP
 B = Non-spawn XP
 C = Spawn XP percentage of total XP
 D = Spawn monster count
 E = Non-spawn monster count
 F = Spawn count percentage of total count
 G = Total turns spent on level
                    A         B        C        D         E        F      G
               +---------+---------+-------+---------+---------+-------+---------
         Total |       0 |   17981 |   0.0 |       0 |     301 |   0.0 | 13295
               +---------+---------+-------+---------+---------+-------+---------
           D:1 |       0 |      55 |   0.0 |       0 |      29 |   0.0 |   810
           D:2 |       0 |      87 |   0.0 |       0 |      28 |   0.0 |   997
           D:3 |       0 |     155 |   0.0 |       0 |      24 |   0.0 |  1108
           D:4 |       0 |     462 |   0.0 |       0 |      18 |   0.0 |   993
           D:5 |       0 |     642 |   0.0 |       0 |      15 |   0.0 |   988
           D:6 |       0 |    1475 |   0.0 |       0 |      14 |   0.0 |  1780
           D:7 |       0 |    2745 |   0.0 |       0 |      40 |   0.0 |  1209
           D:8 |       0 |    4274 |   0.0 |       0 |      52 |   0.0 |  1675
           D:9 |       0 |    2490 |   0.0 |       0 |      32 |   0.0 |  1325
          D:10 |       0 |     529 |   0.0 |       0 |      14 |   0.0 |  1103
          D:11 |       0 |    4136 |   0.0 |       0 |      31 |   0.0 |  1166
        Lair:1 |       0 |     931 |   0.0 |       0 |       4 |   0.0 |   141
               +---------+---------+-------+---------+---------+-------+---------
